 Dungeon Crawl Stone Soup version 0.25-a0-803-g58bd18402a (webtiles) character file.

Game seed: 8183769691118439690, levelgen mode: deterministic

2270 Maedhros the Martial Artist (level 9, -18/57 HPs)
             Began as an Octopode Artificer on Apr 19, 2020.
             Was a Follower of Cheibriados.
             Demolished by a large slime creature (42 damage)
             ... on level 10 of the Dungeon.
             The game lasted 00:15:26 (2882 turns).

Maedhros the Martial Artist (Octopode Artificer)    Turns: 2882, Time: 00:15:26

Health: -18/57     AC:  1    Str: 17    XL:     9   Next: 38%
Magic:  23/23      EV: 15    Int: 16    God:    Cheibriados [*.....]
Gold:   187        SH:  0    Dex: 19    Spells: 8/8 levels left

rFire    . . .     SeeInvis .     - Unarmed
rCold    . . .     Gourm    .   (no shield)
rNeg     . . .     Faith    .   (helmet restricted)
rPois    .         Spirit   .   i - amulet of regeneration
rElec    .         Reflect  .   h - ring of magical power
rCorr    .         Harm     .   p - +3 ring of strength
MR       .....                  (no ring)
Stlth    +++++.....             (no ring)
HPRegen  0.59/turn              (no ring)
MPRegen  0.18/turn              (no ring)
                                (no ring)
                                (no ring)

@: mighty, very slow
A: almost no armour, stealthy swim, amphibious, 8 rings, constrict 8, camouflage
1, gelatinous body 1
a: Bend Time, Renounce Religion


You were on level 10 of the Dungeon.
You worshipped Cheibriados.
Cheibriados was aware of your devotion.
You were not hungry.

You visited 2 branches of the dungeon, and saw 11 of its levels.

You collected 187 gold pieces.

Inventory:

Hand Weapons
 g - a +2 dagger of venom
Jewellery
 e - an uncursed amulet of magic regeneration
 h - a ring of magical power (left tentacle)
 i - an amulet of regeneration (around mantle)
 p - a +3 ring of strength (right tentacle)
Wands
 b - a wand of flame (18)
 c - a wand of enslavement (7)
 d - a wand of random effects (5)
 q - a wand of iceblast (6)
Scrolls
 k - 4 scrolls of enchant armour
 l - a scroll of fog {unknown}
 n - 2 scrolls of remove curse
 t - a scroll of identify
 u - a scroll of teleportation
Potions
 a - 2 potions of curing {unknown}
 j - 3 potions of resistance
 m - a potion of heal wounds {unknown}
 o - a potion of might
 r - a potion of stabbing {unknown}
Comestibles
 f - 4 rations
 s - a chunk of flesh


   Skills:
 + Level 3.2 Fighting
 - Level 1.0 Short Blades
 + Level 3.7 Dodging
 - Level 7.0 Stealth
 * Level 8.3 Unarmed Combat
 + Level 7.2 Evocations


You had 8 spell levels left.
You didn't know any spells.
Your spell library contained the following spells:

 Spells                   Type           Power        Failure   Level  Hunger
 Apportation              Tloc           #.....       26%         1    ##.....
 Summon Butterflies       Summ           #.......     26%         1    ##.....
 Confusing Touch          Hex            #.......     58%         3    ####...
 Gell's Gravitas          Tloc           #.........   58%         3    ####...
 Lesser Beckoning         Tloc           #.........   58%         3    ####...
 Tukima's Dance           Hex            #.......     58%         3    ####...
 Petrify                  Tmut/Erth      #.......     94%         4    #####..
 Alistair's Intoxication  Tmut/Pois      #.......     100%        5    ######.
 Metabolic Englaciation   Hex/Ice        #.........   100%        5    ######.
 Yara's Violent Unravell  Hex/Tmut       #.........   100%        5    ######.
 Invisibility             Hex            #.......     100%        6    #######


Dungeon Overview and Level Annotations

Branches:
Dungeon (10/15)            Temple (1/1) D:6
   Lair: D:8-11         Orc: D:9-12

Altars:
Ashenzari
Cheibriados
Dithmenos
Elyvilon
Fedhas
Gozag
Hepliaklqana
Kikubaaqudgha
Makhleb
Nemelex Xobeh
Okawaru
Qazlal
Ru
Trog
Uskayaw
Vehumet
Wu Jian
Xom
Yredelemnul
Zin
The Shining One

Annotations:
D:5 4 runed translucent doors


Innate Abilities, Weirdness & Mutations

You cannot wear most types of armour.
You are very stealthy in the water. (Stealth+)
You are amphibious.
You can wear up to eight rings at the same time.
You can use your tentacles to constrict eight enemies at once.
Your skin changes colour to match your surroundings (Stealth+).
Your rubbery body absorbs attacks. (AC +1, EV +1)


Message History

The slime creature closely misses you.
You feel very mighty all of a sudden.
The slime creature completely misses you.
You batter the slime creature!!
The slime creature is severely wounded.
Two slime creatures merge to form a large slime creature.
You bludgeon the large slime creature!
The large slime creature is heavily wounded.
You tentacle-slap the large slime creature.
You squeeze the large slime creature!
The large slime creature is heavily wounded.
The large slime creature closely misses you.
You bludgeon the large slime creature!
The large slime creature is severely wounded.
The large slime creature hits you!!
You bludgeon the large slime creature!
The large slime creature is severely wounded.
The large slime creature hits you!!!
Ouch! That really hurt!
You die...

## # J#.#
.#.# ...
########.#
#.....@J.#
#.######.#
#......#.#
######.###
#.# #.#
#.# #.#
#<#


You could see a large slime creature.

Vanquished Creatures
  Pikel (D:6)
  Sigmund (D:6)
  2 water moccasins
  A slave (D:6)
  A sky beast (D:9)
  2 phantoms
  2 ogres
  A centaur (D:6)
  3 bullfrogs
  A scorpion (D:7)
  3 howler monkeys (D:7)
  5 crimson imps
  A bullfrog zombie (D:9)
  A centaur zombie (D:7)
  A centaur skeleton (D:9)
  2 hounds
  An iron imp (D:6)
  A jelly (D:9)
  3 worker ants
  3 orc wizards (D:4)
  A hound skeleton (D:9)
  6 adders
  2 shadow imps
  An ooze (D:4)
  An adder zombie (D:7)
  An adder skeleton (D:4)
  A worm (D:2)
  7 orcs
  3 giant cockroaches
  3 hobgoblins
  4 jackals (D:4)
  2 quokkas
  2 bats
  A frilled lizard (D:5)
  3 goblins
  2 jackal skeletons (D:4)
  A jackal zombie (D:5)
  3 kobolds
  A rat (D:3)
81 creatures vanquished.

Vanquished Creatures (collateral kills)
  An orc priest (D:6)
  2 orcs
  A giant cockroach (D:6)
4 creatures vanquished.

Vanquished Creatures (others)
  A black bear (D:6)
  An orc wizard (D:6)
2 creatures vanquished.

Grand Total: 87 creatures vanquished

Notes
Turn   | Place    | Note
-------+----------+-------------------------------------------
     0 | D:1      | Maedhros the Octopode Artificer began the quest for the
                  | Orb.
     0 | D:1      | Reached XP level 1. HP: 13/13 MP: 3/3
   321 | D:3      | Reached skill level 1 in Unarmed Combat
   321 | D:3      | Reached XP level 2. HP: 15/18 MP: 4/4
   395 | D:4      | Reached XP level 3. HP: 21/23 MP: 5/5
   403 | D:5      | Entered Level 5 of the Dungeon
   413 | D:5      | Reached skill level 2 in Unarmed Combat
   429 | D:5      | Reached XP level 4. HP: 28/28 MP: 6/6
   441 | D:5      | Found Zag Xaco's Weapon Emporium.
   473 | D:5      | Reached skill level 3 in Unarmed Combat
   639 | D:5      | Reached XP level 5. HP: 12/33 MP: 8/8
   696 | D:5      | Found a large runed translucent door.
   696 | D:5      | Found a large runed translucent door.
   699 | D:5      | Found a sparkling altar of Nemelex Xobeh.
   706 | D:5      | Found a shimmering altar of Xom.
   707 | D:5      | Found a stormy altar of Qazlal.
   748 | D:6      | Found a staircase to the Ecumenical Temple.
   763 | Temple   | Entered the Ecumenical Temple
   875 | D:6      | Noticed a centaur
   891 | D:6      | Noticed a black bear
   896 | D:6      | Noticed a phantom
   922 | D:6      | Noticed Sigmund
   930 | D:6      | Noticed Pikel
   930 | D:6      | Noticed a slave
   930 | D:6      | Noticed a slave
  1046 | D:5      | Noticed a troll
  1081 | D:5      | Found a large runed translucent door.
  1081 | D:5      | Found a large runed translucent door.
  1119 | D:4      | Reached skill level 4 in Unarmed Combat
  1119 | D:4      | Reached XP level 6. HP: 21/38 MP: 9/9
  1224 | D:4      | Noticed a phantom
  1237 | D:4      | Found an ancient bone altar of Kikubaaqudgha.
  1555 | D:2      | Found a shadowy altar of Dithmenos.
  1570 | D:2      | Found a bloodstained altar of Trog.
  1856 | D:7      | Reached skill level 5 in Stealth
  1856 | D:7      | Reached skill level 5 in Evocations
  1870 | D:6      | Found a glowing silver altar of Zin.
  1872 | D:6      | Noticed a slave
  1872 | D:6      | Noticed a slave
  1877 | D:6      | Killed a slave
  1878 | D:6      | Killed Pikel
  1878 | D:6      | Reached skill level 6 in Unarmed Combat
  1878 | D:6      | Reached XP level 7. HP: 36/43 MP: 11/11
  1878 | D:6      | Reached XP level 8. HP: 40/48 MP: 12/12
  1880 | D:6      | Found a hide-covered altar of Uskayaw.
  1887 | D:6      | Killed Sigmund
  2041 | D:6      | Found a snail-covered altar of Cheibriados.
  2054 | D:6      | Became a worshipper of Cheibriados the Contemplative
  2174 | D:7      | Reached skill level 7 in Unarmed Combat
  2435 | D:8      | Reached XP level 9. HP: 31/55 MP: 14/14
  2597 | D:9      | Reached skill level 8 in Unarmed Combat
  2602 | D:9      | Reached * piety under Cheibriados
  2851 | D:10     | Entered Level 10 of the Dungeon
  2882 | D:10     | Demolished by a large slime creature

Levels and vault maps discovered:
D:1:      wander_arrival_estate, layout_basic
D:2:      layout_basic, overflow_temple_1_default, old_standard_altar,
          kennysheep_cross_room, grunt_dithmenos_smoke_and_mirrors, uniq_natasha
D:3:      layout_loops_ring, first_ration, hangedman_decor_points
D:4:      layout_basic, lemuel_doored_altar
D:5:      layout_basic, minitemple, serial_shops, shop,
          minmay_hollow_rounded_squares
D:6:      layout_basic, eat_drink_and_be_merry_uskayaw, slow_altar_1,
          kennysheep_little_box, minmay_temple_entry_gardened_gates,
          serial_shops, kennysheep_mini, lemuel_tele_altar, uniq_pikel,
          uniq_sigmund
D:7:      layout_layer_cave, solitary_fountain, grunt_ogre_cave, minivault_11
D:8:      layout_basic, marbit_many_paths, lair_entry_dummy
D:9:      layout_long_grid
D:10:     layout_basic, enter_trove_5
Temple:   nicolae_temple_hex_pool

Skill      XL: |  1  2  3  4  5  6  7  8  9 |
---------------+----------------------------+-----
Unarmed Combat | 1 2 3 4 6 7 8 |  8.3
Stealth        | 2 3 4 6 7 |  7.0
Evocations     | 4 5 6 7 |  7.2
Fighting       | 2 3 |  3.2
Dodging        | 3 |  3.7
Short Blades   | |  1.0

Action                   |  1- 3 |  4- 6 |  7- 9 || total
-------------------------+-------+-------+-------++-------
Melee: Dagger            |    15 |    90 |    30 ||   135
       Constrict         |     6 |    23 |    19 ||    48
       Short sword       |     4 |       |       ||     4
       Tentacles         |     3 |    17 |    31 ||    51
       Punch             |       |     4 |     4 ||     8
       Unarmed           |       |       |    84 ||    84
Evoke: Wand              |       |    17 |    11 ||    28
  Use: Scroll            |     2 |     5 |     2 ||     9
       Potion            |       |       |     1 ||     1
 Stab: Sleeping          |     5 |     7 |     6 ||    18
       Distracted        |       |     1 |       ||     1
       Paralysed         |       |       |     2 ||     2
  Eat: Chunk             |       |     2 |     1 ||     3
       Ration            |       |       |     1 ||     1
Armor: Skin              |       |     2 |     1 ||     3
Dodge: Dodged            |     9 |    35 |    67 ||   111

Table legend:
 A = Non-vault XP
 B = Vault XP
 C = Vault XP percentage of total XP
 D = Non-vault monster count
 E = Vault monster count
 F = Vault count percentage of total count
                 A         B        C        D         E       F
            +---------+---------+-------+---------+---------+-------
      Total |    2348 |     896 |  27.6 |      81 |       3 |   3.6
            +---------+---------+-------+---------+---------+-------
        D:1 |       2 |       0 |   0.0 |       2 |       0 |   0.0
        D:2 |      29 |       0 |   0.0 |       8 |       0 |   0.0
        D:3 |       7 |       0 |   0.0 |       5 |       0 |   0.0
        D:4 |     215 |       0 |   0.0 |      20 |       0 |   0.0
        D:5 |     188 |       0 |   0.0 |      12 |       0 |   0.0
        D:6 |     338 |     896 |  72.6 |       8 |       3 |  27.3
        D:7 |     523 |       0 |   0.0 |      10 |       0 |   0.0
        D:8 |     275 |       0 |   0.0 |       3 |       0 |   0.0
        D:9 |     771 |       0 |   0.0 |      13 |       0 |   0.0
            +---------+---------+-------+---------+---------+-------
